 Seeded DCSS version 0.30.1-9-gdf580d7c3d (webtiles) character file.

Game seed: 7229806256980976716 (custom seed)

64 Psyclone the Digger (level 4, -4/33 HPs)
             Began as a Meteoran Earth Elementalist on Oct 16, 2023.
             Slain by a worm (7 damage)
             ... on level 3 of the Dungeon.
             The game lasted 00:01:30 (460 turns).

Psyclone the Digger (Meteoran Earth Elementalist)    Turns: 460, Time: 00:01:30

Health: -4/33      AC:  4    Str:  9    XL:     4   Next: 58%
Magic:  11/11      EV: 12    Int: 19    God:
Gold:   3825       SH:  0    Dex: 14    Spells: 10/11 levels left

rFire   . . .        (no weapon)
rCold   . . .        (no shield)
rNeg    . . .        a - +0 robe
rPois   .            (no helmet)
rElec   .            (no cloak)
rCorr   .            (no gloves)
SInv    .            (no boots)
Will    .....        (no amulet)
Stlth   +            (no ring)
HPRegen 0.25/turn    (no ring)
MPRegen 0.12/turn

%: no passive effects
@: glowing
A: sense surroundings 1, otherworldly, glowing, explore regen, iridescent scales
1, wild magic 1, evolution 2, MP-powered wands
a: no special abilities


You were on level 3 of the Dungeon.
You visited 1 branch of the dungeon, and saw 3 of its levels.

You collected 3825 gold pieces.

Inventory:

Missiles
 d - a throwing net {!f}
Armour
 a - a +0 robe (worn)
Scrolls
 c - 3 scrolls of amnesia {unknown}
 e - a scroll of identify {unknown}
 f - 2 scrolls of blinking {unknown}
 h - a scroll of enchant armour {unknown}
Potions
 b - a potion of magic
 g - a potion of might {unknown}
 i - 2 potions of curing {unknown}
 j - a potion of brilliance {unknown}


   Skills:
 - Level 2.4 Dodging
 - Level 1.4 Stealth
 * Level 4.0 Spellcasting
 + Level 2.2 Transmutations
 * Level 4.6 Earth Magic


You had 10 spell levels left.
You knew the following spells:

 Your Spells              Type           Power      Damage    Failure   Level
a - Sandblast             Erth           54%        2d13      3%          1

Your spell library contained the following spells:

 Spells                   Type           Power      Damage    Failure   Level
 Passwall                 Tmut/Erth      17%        N/A       8%          2
 Stone Arrow              Conj/Erth      32%        3d9       22%         3
 Poisonous Vapours        Pois/Air       8%         N/A       28%         2
 Petrify                  Tmut/Erth      21%        N/A       41%         4
 Mephitic Cloud           Conj/Pois/Air  4%         N/A       47%         3
 Freezing Cloud           Conj/Ice/Air   2%         6-21      99%         5


Dungeon Overview and Level Annotations

Branches:
Dungeon (3/15) Zot: 1325

Altars:


Innate Abilities, Weirdness & Mutations

You passively map a small area around you.
You are easily found by Zot.
You glow in the dark.
You regain HP and MP as you explore.
You are partially covered in iridescent scales. (AC +2)
Your spells are a little harder to cast, but a little more powerful.
You have great hidden genetic potential.
You expend magic power (3 MP) to strengthen your wands.


Message History

Found a leather armour.
Found a stone staircase leading up.
Casting: Sandblast (safe; 3% risk of failure)
Confirm with . or Enter, or press ? or * to list all spells.
You can't see any susceptible monsters within range! (Use Z to cast anyway.) Health restored: 33; MP restored: 11 A worm comes into view.
The worm bites you.
You hit the worm.
The worm is lightly wounded.
The worm bites you.
You barely miss the worm. You punch the worm.
The worm is lightly wounded.
You hit the worm.
The worm is lightly wounded.
The worm bites you but does no damage.
You hit the worm but do no damage.
The worm is lightly wounded.
The worm bites you!
You barely miss the worm.
You take 16 damage, and have 17/33 hp.
MASSIVE DAMAGE!!
The worm misses you. The worm misses you. The worm bites you.
The worm barely misses you. The worm bites you but does no damage.
The worm bites you. The worm barely misses you. The worm bites you!
* * * LOW HITPOINT WARNING * * *
The worm bites you.
* * * LOW HITPOINT WARNING * * *
The worm bites you but does no damage. The worm barely misses you.
The worm bites you.
* * * LOW HITPOINT WARNING * * *
The worm bites you.
* * * LOW HITPOINT WARNING * * *
Okay, then.
The worm bites you!
You die...

#........).#####.#
#......$...#...... , *
##.....$...........
#.................. *
#.................[
#..................
#..................
*#####.#.#######........,
, ......w@...............
####..###########....<.
#..* ###### #. ##*


You could see a worm.

Vanquished Creatures
  A jelly (D:2)
  An adder (D:2)
  2 ball pythons
  A bat (D:1)
  An endoplasm (D:2)
  3 giant cockroaches
  A hobgoblin (D:1)
  6 jackals (D:2)
  2 quokkas
  A frilled lizard (D:1)
  4 rats
23 creatures vanquished.

Notes
Turn   | Place    | Note
-------+----------+-------------------------------------------
     0 | D:1      | Psyclone the Meteoran Earth Elementalist began the quest
                  | for the Orb.
     0 | D:1      | Reached XP level 1. HP: 14/14 MP: 5/5
    64 | D:1      | Identified 3 scrolls of acquirement
    64 | D:1      | Acquired 1248 gold pieces
    65 | D:1      | Acquired 1275 gold pieces
    88 | D:1      | Acquired 1252 gold pieces
   159 | D:1      | Reached XP level 2. HP: 20/20 MP: 3/6
   193 | D:1      | Gained mutation: You are partially covered in iridescent
                  | scales. (AC +2) [potion of mutation]
   193 | D:1      | Gained mutation: You expend magic power (3 MP) to
                  | strengthen your wands. [potion of mutation]
   193 | D:1      | Gained mutation: You have hidden genetic potential. [potion
                  | of mutation]
   193 | D:1      | Gained mutation: You have great hidden genetic potential.
                  | [potion of mutation]
   289 | D:2      | Noticed a jelly
   292 | D:2      | Killed a jelly
   293 | D:2      | Reached XP level 3. HP: 26/26 MP: 5/9
   293 | D:2      | Reached XP level 4. HP: 33/33 MP: 5/10
   318 | D:2      | Gained mutation: Your spells are a little harder to cast,
                  | but a little more powerful. [hidden potential]
   460 | D:3      | Slain by a worm

Illustrated notes

Levels and vault maps discovered:
D:1:      spicycebolla_arrival_ecumenical, layout_loops_ring
D:2:      layout_basic
D:3:      layout_rooms, mainiacjoe_overflow_paths, gammafunk_ghost_necromancy

Skill      XL: |  1  2  3  4 |
---------------+-------------+-----
Spellcasting   | 3 4 |  4.0
Earth Magic    | 4 |  4.6
Transmutations | 2 |  2.2
Dodging        | |  2.4
Stealth        | |  1.4

Action                     |  1- 3 |  4- 6 || total
---------------------------+-------+-------++-------
  Melee: Unarmed           |       |     6 ||     6
         Punch             |       |     1 ||     1
   Cast: Sandblast         |    13 |    16 ||    29
    Use: Scroll            |     3 |       ||     3
         Potion            |     1 |     1 ||     2
 Armour: Robe              |       |    11 ||    11
  Dodge: Dodged            |     2 |    11 ||    13
